 Dungeon Crawl Stone Soup version 0.31-a0-851-g7ff8af7976 (webtiles) character file.

Game seed: 16902864080070704156

3013545 Shym the Rhythm of Life and Death (level 27, 171/171 HPs)
             Began as a Vine Stalker Fighter on Sept 30, 2023.
             Was a Follower of Uskayaw.
             Escaped with the Orb
             ... and 5 runes on Oct 5, 2023!
             The game lasted 08:54:45 (75830 turns).

Shym the Rhythm of Life and Death (VSFi)           Turns: 75830, Time: 08:54:45

Health: 171/171    AC: 39    Str: 31    XL:     27
Magic:  50/50      EV: 17    Int:  8    God:    Uskayaw [*.....]
Gold:   6482       SH: 36    Dex: 20    Spells: 25/26 levels left

rFire   + + +        K - +8 Vampire's Tooth {megavamp}
rCold   + + +        y - +8 tower shield {rC+}
rNeg    + + .        X - +11 gold dragon scales
rPois   +            J - +1 hat of the Monkey's Uncle {rPois}
rElec   .            u - scarf "Cugytevo" {rC+ rF+, Str+3 Stlth+}
rCorr   +            o - +0 pair of fencer's gloves {Riposte Dex+3}
SInv    +            b - +1 pair of boots of Liberty {Slay+3}
Will    ++++.        l - amulet of reflection Stlth
                     v - ring of the Thoughtful Mystics {rN++ MP+9 EV+5 Str-4 SInv}
HPRegen 2.08/turn    S - ring of Woraxt {rF+ rCorr Str+2 SInv}
MPRegen 0.32/turn

%: reflection, guardian spirit
@: studying Long Blades
A: fangs 3, regeneration 2, magic shield, antimagic bite, no potion heal 2,
horns 1, strong-willed 1, robust 1, screaming 1, subdued magic 1
0: Orb of Zot
}: 5/15 runes: decaying, slimy, silver, abyssal, gossamer
a: Renounce Religion, Stomp


You escaped.
You worshipped Uskayaw.
Uskayaw was exalted by your worship.
You visited 12 branches of the dungeon, and saw 56 of its levels.
You visited the Abyss 1 time.
You also visited: Trove, Bailey and Ice Cave.

You collected 9105 gold pieces.
You spent 2623 gold pieces at shops.

Inventory:

Hand Weapons
 C - the +11 dagger of Wak Ise {heavy, rElec rF+ rC++}
   (You found it on level 3 of the Vaults)

   rF+:       It protects you from fire.
   rC++:      It greatly protects you from cold.
   rElec:     It insulates you from electricity.
 F - the +8 autumn katana {manifold assault}
   (You took it off a vault sentinel on level 5 of the Vaults)
 K - the +8 Vampire's Tooth (weapon) {megavamp}
   (You found it on level 3 of the Crypt)
 V - the +10 zealot's sword {holy, Zealotry, *Rage rN+ EV+3}
   (You took it off a deep elf sorcerer on level 3 of the Elven Halls)

   Zealotry:  Whenever the wielder enters a berserk rage, their allies are
   berserked alongside them.
   EV+3:      It affects your evasion (+3).
   rN+:       It protects you from negative energy.
   *Rage:     It berserks you when you make melee attacks (+20% chance).
Missiles
 f - 47 boomerangs
 k - 5 silver javelins
 H - 10 atropa-tipped darts
 Z - 8 darts of dispersal
Armour
 b - the +1 pair of boots of Liberty (worn) {Slay+3}
   (You found it on level 3 of the Spider Nest)

   Slay+3:    It affects your accuracy & damage with ranged weapons and melee
   (+3).
 o - the +0 pair of fencer's gloves (worn) {Riposte Dex+3}
   (You acquired it on level 7 of the Dungeon)

   Riposte:   It allows the wearer to riposte with melee weapons, swiftly
   retaliating against missed or blocked melee attacks.
   Dex+3:     It affects your dexterity (+3).
 u - the scarf "Cugytevo" (worn) {rC+ rF+, Str+3 Stlth+}
   (You found it on level 4 of the Vaults)

   Str+3:     It affects your strength (+3).
   Stlth+:    It makes you more stealthy.
 y - a +8 tower shield of cold resistance (worn)
 J - the +1 hat of the Monkey's Uncle (worn) {rPois}
   (You found it on level 2 of the Dungeon)

   rPois:     It protects you from poison
 X - +11 gold dragon scales (worn)
Jewellery
 l - an amulet of reflection (around neck)
 v - the ring of the Thoughtful Mystics (left hand) {rN++ MP+9 EV+5 Str-4 SInv}
   (You bought it in a shop on level 2 of the Orcish Mines)

   [ring of evasion]

   EV+5:      It affects your evasion (+5).
   Str-4:     It affects your strength (-4).
   rN++:      It greatly protects you from negative energy.
   MP+9:      It affects your magic capacity (+9).
   SInv:      It lets you see invisible.
 E - the ring of Ephemeral Luck {+Blink rN+ MP+9 Dex+3}
   (You found it on level 3 of the Crypt)

   [ring of positive energy]

   Dex+3:     It affects your dexterity (+3).
   rN+:       It protects you from negative energy.
   MP+9:      It affects your magic capacity (+9).
   +Blink:    It lets you blink.
 M - the ring "Ussid" {Fly Will+++ Int+3 Dex-4}
   (You found it in a treasure trove)

   [ring of flight]

   Int+3:     It affects your intelligence (+3).
   Dex-4:     It affects your dexterity (-4).
   Will+++:   It greatly increases your willpower.
   Fly:       It grants you flight.
 S - the ring of Woraxt (right hand) {rF+ rCorr Str+2 SInv}
   (You found it on level 3 of the Crypt)

   [ring of protection from fire]

   Str+2:     It affects your strength (+2).
   rF+:       It protects you from fire.
   SInv:      It lets you see invisible.
   rCorr:     It protects you from acid and corrosion.
Wands
 i - a wand of quicksilver (36)
 n - a wand of digging (7)
 D - a wand of mindburst (51)
 T - a wand of polymorph (9)
 U - a wand of roots (70)
 W - a wand of paralysis (42)
Scrolls
 c - 7 scrolls of revelation
 h - 6 scrolls of immolation
 j - 8 scrolls of poison
 p - 24 scrolls of teleportation
 r - 4 scrolls of torment
 B - 7 scrolls of fear
 G - 8 scrolls of fog
 I - 11 scrolls of vulnerability
 L - 7 scrolls of summoning
 Q - 2 scrolls of silence
 R - 5 scrolls of blinking
Potions
 a - 3 potions of mutation
 e - 4 potions of attraction
 g - 33 potions of curing
 m - 9 potions of lignification
 q - 7 potions of berserk rage
 t - 3 potions of invisibility
 w - 7 potions of might
 z - 5 potions of cancellation
 A - 3 potions of resistance
 N - 6 potions of haste
 O - 5 potions of magic
 Y - 13 potions of ambrosia
Miscellaneous
 d - a phantom mirror
 s - a phial of floods
 x - a lightning rod (4/4)
 P - a condenser vane


   Skills:
 - Level 20.0 Fighting
 - Level 12.9(14.0) Short Blades
 - Level 8.7(12.0) Long Blades
 - Level 8.0 Throwing
 + Level 19.1 Armour
 - Level 10.0 Dodging
 - Level 15.0 Stealth
 - Level 20.0 Shields
 - Level 3.0 Translocations
 O Level 27 Invocations
 - Level 10.0 Evocations


You had 25 spell levels left.
You knew the following spells:

 Your Spells              Type           Power      Damage    Failure   Level
a - Apportation           Tloc           6%         N/A       87%         1

Your spell library contained the following spells:

 Spells                   Type           Power      Damage    Failure   Level
 Blink                    Tloc           6%         N/A       95%         2
 Lesser Beckoning         Tloc           6%         N/A       95%         2
 Foxfire                  Conj/Fire      0%         2x1d4     99%         1
 Kiss of Death            Conj/Necr      0%         2d5       99%         1
 Magic Dart               Conj           0%         1d3       99%         1
 Sandblast                Erth           0%         2d4       99%         1
 Slow                     Hex            0%         N/A       99%         1
 Sting                    Tmut/Pois      0%         1d3       99%         1
 Summon Small Mammal      Summ           0%         N/A       99%         1
 Momentum Strike          Conj/Tloc      2%         3d8       99%         2
 Call Imp                 Summ           0%         N/A       100%        2
 Cigotuvi's Dreadful Rot  Necr/Pois/Air  0%         N/A       100%        2
 Jinxbite                 Hex            0%         N/A       100%        2
 Passwall                 Tmut/Erth      0%         N/A       100%        2
 Poisonous Vapours        Pois/Air       0%         N/A       100%        2
 Scorch                   Fire           0%         2d5       100%        2
 Static Discharge         Conj/Air       0%         2-2/arc   100%        2
 Sublimation of Blood     Necr           0%         N/A       100%        2
 Wereblood                Tmut           0%         N/A       100%        2
 Call Canine Familiar     Summ           0%         N/A       100%        3
 Confusing Touch          Hex            0%         N/A       100%        3
 Dazzling Flash           Conj/Hex       0%         N/A       100%        3
 Frozen Ramparts          Ice            0%         1d1       100%        3
 Hailstorm                Conj/Ice       0%         3d3       100%        3
 Inner Flame              Hex/Fire       0%         N/A       100%        3
 Mephitic Cloud           Conj/Pois/Air  0%         N/A       100%        3
 Sigil of Binding         Hex            0%         N/A       100%        3
 Stone Arrow              Conj/Erth      0%         3d7       100%        3
 Summon Guardian Golem    Hex/Summ       0%         N/A       100%        3
 Volatile Blastmotes      Fire/Tloc      2%         2d10      100%        3
 Airstrike                Air            0%         2d(0-16)  100%        4
 Anguish                  Hex/Necr       0%         N/A       100%        4
 Animate Armour           Summ/Erth      0%         N/A       100%        4
 Animate Dead             Necr           0%         N/A       100%        4
 Brom's Barrelling Bould  Conj/Erth      0%         2d3       100%        4
 Cause Fear               Hex            0%         N/A       100%        4
 Dimensional Bullseye     Hex/Tloc       0%         N/A       100%        4
 Dispel Undead            Necr           0%         3d6       100%        4
 Leda's Liquefaction      Hex/Erth       0%         N/A       100%        4
 Manifold Assault         Tloc           3%         N/A       100%        4
 Passage of Golubria      Tloc           3%         N/A       100%        4
 Petrify                  Tmut/Erth      0%         N/A       100%        4
 Summon Ice Beast         Ice/Summ       0%         N/A       100%        4
 Summon Lightning Spire   Summ/Air       0%         N/A       100%        4
 Vhi's Electric Charge    Tloc/Air       2%         N/A       100%        4
 Agony                    Necr           0%         N/A       100%        5
 Alistair's Intoxication  Tmut/Pois      0%         N/A       100%        5
 Arcjolt                  Conj/Air       0%         1d10      100%        5
 Borgnjor's Vile Clutch   Necr/Erth      0%         N/A       100%        5
 Fireball                 Conj/Fire      0%         3d3       100%        5
 Freezing Cloud           Conj/Ice/Air   0%         6-21      100%        5
 Irradiate                Conj/Tmut      0%         3d11      100%        5
 Iskenderun's Battlesphe  Conj           0%         2d6       100%        5
 Lee's Rapid Deconstruct  Erth           0%         3d4*      100%        5
 Metabolic Englaciation   Hex/Ice        0%         N/A       100%        5
 Silence                  Hex/Air        0%         N/A       100%        5
 Summon Forest            Summ/Tloc      0%         N/A       100%        5
 Summon Mana Viper        Hex/Summ       0%         N/A       100%        5
 Yara's Violent Unravell  Hex/Tmut       0%         3d3       100%        5
 Bombard                  Conj/Erth      0%         9d1       100%        6
 Conjure Ball Lightning   Conj/Air       0%         3x3d6     100%        6
 Death Channel            Necr           0%         N/A       100%        6
 Eringya's Noxious Bog    Tmut/Pois      0%         4d6       100%        6
 Plasma Beam              Fire/Air       0%         2x1d10    100%        6
 Simulacrum               Ice/Necr       0%         N/A       100%        6
 Starburst                Conj/Fire      0%         6d3       100%        6
 Summon Cactus Giant      Summ           0%         N/A       100%        6
 Enfeeble                 Hex            0%         N/A       100%        7
 Haunt                    Necr/Summ      0%         N/A       100%        7
 Malign Gateway           Summ/Tloc      0%         N/A       100%        7
 Monstrous Menagerie      Summ           0%         N/A       100%        7
 Orb of Destruction       Conj           0%         9d5       100%        7
 Spellforged Servitor     Conj/Summ      0%         N/A       100%        7
 Summon Hydra             Summ           0%         N/A       100%        7
 Borgnjor's Revivificati  Necr           0%         N/A       100%        8
 Infestation              Necr           0%         N/A       100%        8
 Lehudib's Crystal Spear  Conj/Erth      0%         10d2      100%        8
 Maxwell's Capacitive Co  Air            0%         ∞         100%        8
 Summon Horrible Things   Summ           0%         N/A       100%        8
 Death's Door             Necr           0%         N/A       100%        9
 Fire Storm               Conj/Fire      0%         5d1       100%        9


Dungeon Overview and Level Annotations

Branches:
Dungeon (15/15)            Temple (1/1) D:4            Lair (5/5) D:9
  Swamp (4/4) Lair:2       Spider (4/4) Lair:3        Slime (5/5) Lair:5
    Orc (2/2) D:12            Elf (3/3) Orc:2        Vaults (5/5) D:14
  Crypt (3/3) Vaults:3       Tomb (0/3) Crypt:3      Depths (4/4) D:15
    Zot (5/5) Depths:4     Bailey (visited)           IceCv (visited)

Altars:
Ashenzari
Cheibriados
Dithmenos
Elyvilon
Fedhas
Gozag
Hepliaklqana
Kikubaaqudgha
Makhleb
Nemelex Xobeh
Okawaru
Qazlal
Ru
Sif Muna
Trog
Uskayaw
Vehumet
Wu Jian
Xom
Yredelemnul
Zin
The Shining One
Jiyva

Shops:
D:3 (   D:8 *   D:9 (   D:12 [   D:14 :   Orc:1 *   Orc:2 (=[*   Elf:3 (
Vaults:4 [*   Vaults:5 =   Zot:4 *   Depths:3 (

Portals:
Hell: Depths:1 Depths:2 Depths:3 Depths:4
Abyss: Depths:1 Depths:3 Depths:4
Pandemonium: Depths:1 Depths:2
Ziggurat: Depths:1


Innate Abilities, Weirdness & Mutations

You have razor-sharp teeth.
You heal very quickly.
When hurt, damage is shared between your health and your magic reserves.
Your bite disrupts and absorbs the magic of your enemies.
Potions cannot restore your health.
You have a pair of small horns on your head.
You are strong-willed. (Will+)
You are robust. (+10% HP)
You occasionally shout uncontrollably at your foes.
Your spells are a little easier to cast, but a little less powerful.


Message History

You hit the balrug. Your bite misses the balrug. You hit the balrug.
You bite the balrug!
The balrug's magic leaks into the air.
You drain its magic.
The balrug is moderately wounded.
The balrug gestures at you.
The fireball explodes!
The fireball engulfs you. You resist.
The fireball engulfs the balrug.
The balrug completely resists.
You hit the balrug. You bite the balrug!!
The balrug's magic leaks into the air.
You drain its magic.
You feel invigorated.
You puncture the balrug!
You headbutt the balrug, but do no damage.
You bite the balrug.
The balrug's magic leaks into the air.
You drain its magic.
The balrug is severely wounded.
The balrug falters for a moment.
Uskayaw will force your foes to helplessly watch your dance.
Uskayaw prepares the audience for your solo!
The helpless sun demon fails to defend itself.
You stick the sun demon like a pincushion!!!!
You kill the sun demon!
The helpless balrug fails to defend itself.
You skewer the balrug like a kebab!!!!
You kill the balrug!
Uskayaw will force your foes to share their pain.
There is an abandoned shop here.
A chaos spawn comes into view.
You can no longer pass through a line of other dancers.
There is a staircase leading out of the dungeon here.
You block the chaos spawn's attack.
You barely miss the chaos spawn. You headbutt the chaos spawn!
You bite the chaos spawn, but do no damage.
You puncture the chaos spawn! Your bite misses the chaos spawn.
The chaos spawn is heavily wounded.
You hit the chaos spawn. You bite the chaos spawn!
You kill the chaos spawn!
The chaos spawn degenerates into a cloud of primal chaos!
Okay, then.
Unknown command.
There is a staircase leading out of the dungeon here.
You have escaped!

##........∩..§§§≈≈#
#............§~~≈≈#
#...........§§~~≈≈#
#####..........∩..§§§≈#
...##.⌠...........§~~≈#
##.##............§§§~≈#
...#..........♣....~~≈#
##.#...............~~≈#
##.'............@..~§§#
##.'...............~§§#
##.#..........♣....§§≈#
##.#............♣..§§≈#
...##.............~~≈≈#
##.##.⌠.........∩.~~§≈#
...##.............~~≈≈#
##.##.........∩..§§~§≈#
##.##...........§§§≈≈≈#


There were no monsters in sight!

Vanquished Creatures
  the Royal Jelly (Slime:5)
  4 dread liches
  6 ancient liches
  5 orbs of fire
  The ghost of Heisao the Wrestler, a legendary TrBe of Trog (Zot:4)
  Mara (Spider:3)
  3 juggernauts (Depths:3)
  3 Killer Klowns
  A pandemonium lord (Zot:1)
  Josephina (Depths:2)
  Boris (twice) (Vaults:4 Depths:2)
  3 curse toes (Zot:3)
  A shard shrike (IceCv)
  2 caustic shrikes
  7 golden dragons
  Margery (Crypt:1)
  2 bone dragons
  2 Tzitzimimeh
  4 electric golems
  Arachne (Spider:2)
  A Brimstone Fiend (D:13)
  3 doom hounds (Zot:2)
  15 tentacled monstrosities
  Jorgrun (Swamp:1)
  Rupert (Spider:1)
  A Hell Sentinel (D:15)
  4 titans
  6 liches
  The ghost of Xecaleth the Tortoise, an adept GrFi of Makhleb (Crypt:2)
  29 Orb Guardians
  Grunn (Zot:2)
  A walking frostbound tome (Depths:3)
  2 deep elf master archers (Elf:3)
  10 quicksilver dragons
  3 deep elf blademasters
  3 Executioners
  24 acid blobs
  4 sphinxes
  A tentacled starspawn (Abyss:2)
  3 ancient champions (Crypt:2)
  23 storm dragons
  3 death cobs
  A thorn hunter (Swamp:1)
  Agnes (Spider:3)
  A kraken (Swamp:4)
  4 draconian monks
  3 tengu reavers
  10 shadow dragons
  15 azure jellies
  12 frost giants
  4 fenstrider witches (Swamp:4)
  2 deep elf sorcerers (Elf:3)
  11 emperor scorpions (Spider:4)
  11 vault wardens
  11 fire giants
  5 draconian knights
  13 rockslimes
  5 balrugs
  Louise (Spider:1)
  3 draconian scorchers
  7 iron dragons
  10 ghouls
  4 draconian shifters
  8 ghost moths
  An angel (Depths:1)
  2 deep elf elementalists (Elf:3)
  8 draconian stormcallers
  16 ironbound preservers
  A curse skull (Crypt:2)
  The ghost of Abboc the Unseen, an adept VSWr of Wu Jian (Spider:3)
  A juggernaut skeleton (Crypt:3)
  26 very ugly things
  9 draconian annihilators
  3 spriggan defenders (Depths:2)
  A caustic shrike skeleton (Crypt:3)
  4 broodmothers
  A reaper (Crypt:2)
  4 orc warlords
  5 green draconians
  3 formless jellyfish
  19 stone giants
  7 war gargoyles
  2 ironbound thunderhulks
  8 deep elf demonologists
  12 quicksilver oozes
  7 vampire knights
  4 bunyips
  6 red draconians
  8 white draconians
  8 black draconians
  4 eleionomae
  11 yellow draconians
  A dire elephant (D:15)
  18 purple draconians
  10 spark wasps
  4 deep elf annihilators
  5 eidola
  9 ettins
  6 crystal guardians
  3 green deaths
  2 blizzard demons (Abyss:3)
  4 merfolk impalers
  A merfolk javelineer (Depths:2)
  13 deep elf death magi
  7 fire dragons
  2 shambling mangroves
  6 jiangshi
  18 great orbs of eyes
  12 yaktaur captains
  2 deep elf high priests (Elf:3)
  6 entropy weavers
  A great orb of eyes (shapeshifter) (Vaults:5)
  A hell beast (Depths:2)
  11 ice dragons
  A juggernaut simulacrum (Depths:2)
  2 ogre magi
  12 ironbound frosthearts
  7 spriggan air magi
  18 hydras
  4 alligators
  2 peacekeepers (Vaults:4)
  A spriggan skeleton (Crypt:3)
  2 spriggan zombies
  2 jorogumos
  3 merfolk aquamancers (D:15)
  A jorogumo (shapeshifter) (Vaults:5)
  5 rakshasas
  31 vault guards
  2 catoblepae
  7 radroaches
  10 boulder beetles
  6 two-headed ogres
  6 deep troll shamans
  4 vampire magi
  8 tengu warriors
  21 centaur warriors
  30 dancing weapons
  6 orc high priests
  12 deep troll earth magi
  6 death yaks (Lair:3)
  3 hell hogs (Depths:2)
  The ghost of Mappomat the Fighter, a journeyman FeSh of Gozag (Lair:4)
  9 demonic crawlers
  2 titan zombies (Crypt:3)
  5 thrashing horrors
  12 deep elf knights
  2 soul eaters
  13 hell knights
  24 skeletal warriors
  5 spriggan berserkers
  10 pharaoh ants
  10 sun demons
  Sonja (Orc:1)
  A wretched star (Abyss:2)
  A fire crab (shapeshifter) (D:12)
  2 skysharks
  A sixfirhy (D:4)
  A sun moth (Spider:1)
  An iron giant zombie (Crypt:3)
  8 goliath frogs
  4 flayed ghosts
  3 spriggan druids
  2 orange crystal statues
  64 deep trolls
  8 iron trolls
  9 bog bodies
  4 glowing orange brains
  The ghost of dohliylev the Ducker, a novice TrWr (D:8)
  3 orb spiders
  An obsidian statue (Zot:4)
  An iron giant skeleton (Crypt:3)
  4 harpies (Vaults:4)
  11 phantasmal warriors
  A shadow demon (D:4)
  25 steelbarb worms
  3 swamp dragons
  25 deep elf zephyrmancers
  6 wizards
  31 deep elf pyromancers
  A broodmother zombie (Crypt:1)
  12 necromancers
  4 lindwurms (Vaults:2)
  19 deep elf archers
  2 oklob plants
  24 ironbound convokers
  A frost giant zombie (Crypt:1)
  8 orc knights
  A shadow dragon skeleton (Crypt:3)
  10 shining eyes
  5 orc sorcerers
  18 cyclopes
  57 ugly things
  8 will-o-the-wisps
  A worldbinder (Abyss:2)
  43 moths of wrath
  18 wolf spiders
  3 manticores
  An apocalypse crab (Abyss:2)
  A dire elephant zombie (Abyss:2)
  7 black mambas
  A salamander (Orc:1)
  17 vault sentinels
  2 water nymphs (D:15)
  25 elephants
  4 smoke demons
  A pale draconian zombie (Crypt:1)
  4 eyes of devastation
  5 orange demons
  An elephant (shapeshifter) (Depths:1)
  6 torpor snails
  25 cane toads
  3 gargoyles (D:12)
  A centaur skeleton (Crypt:3)
  A hellion (Zot:5)
  16 rime drakes
  A naga skeleton (Crypt:3)
  19 yaktaurs
  9 komodo dragons
  6 freezing wraiths
  A white draconian zombie (Crypt:1)
  A yellow draconian skeleton (Crypt:1)
  3 tengu conjurers
  A grey draconian skeleton (Crypt:2)
  An efreet (D:4)
  A guardian mummy (Zot:3)
  4 burning bushes (Lair:5)
  22 polar bears
  14 meliai
  12 tyrant leeches
  6 trolls
  A minotaur skeleton (Crypt:2)
  A queen bee (Lair:2)
  14 hornets
  18 tarantellas
  A hydra skeleton (Crypt:2)
  19 blink frogs
  9 raiju
  A dream sheep (shapeshifter) (Vaults:5)
  An ettin zombie (Crypt:1)
  2 fire giant simulacra (Depths:2)
  A frost giant simulacrum (Depths:2)
  140 slime creatures
  A fire dragon skeleton (Crypt:3)
  18 jumping spiders
  35 flying skulls
  4 wyverns
  An ettin skeleton (Crypt:3)
  4 air elementals (Elf:1)
  Sigmund (D:3)
  2 shadows (Swamp:4)
  4 ynoxinuls (Abyss:2)
  10 culicivoras
  11 water elementals
  13 spriggans
  24 starcursed masses (Abyss:2)
  2 fire elementals (Elf:1)
  12 large abominations
  2 wraiths
  49 yaks
  A human (shapeshifter) (D:13)
  4 fire bats
  A golden eye (shapeshifter) (D:14)
  7 golden eyes
  6 basilisks
  2 neqoxecs
  4 chaos spawn
  4 humans (D:14)
  8 small abominations
  46 redbacks
  2 steam dragons
  17 vampire mosquitoes
  8 wargs (Orc:1)
  A harpy simulacrum (Crypt:1)
  A hell hound (Abyss:2)
  12 swamp worms
  4 acid dragons
  17 water moccasins
  A floating eye (Depths:1)
  A demonspawn skeleton (Crypt:1)
  A swamp drake (Swamp:2)
  A black mamba simulacrum (Crypt:1)
  4 ice beasts
  45 orc warriors
  A sky beast (D:7)
  3 black bears
  27 wolves
  7 ogres
  A boggart (shapeshifter) (Depths:4)
  2 centaurs
  A centaur (shapeshifter) (D:12)
  A phantom (D:4)
  4 elf zombies
  11 kobold brigands
  16 bullfrogs
  3 gnoll sergeants
  A scorpion (D:7)
  A deep troll simulacrum (Crypt:1)
  5 earth elementals
  7 necrophages
  7 wights
  A raiju zombie (Crypt:1)
  37 killer bees
  A shapeshifter skeleton (Crypt:2)
  4 electric eels
  3 howler monkeys (D:9)
  3 lava snakes (Lair:2)
  2 quasits (Abyss:2)
  13 jellies
  A bullfrog zombie (Crypt:2)
  22 orc priests
  A bullfrog skeleton (Crypt:2)
  6 hounds
  3 iron imps (Abyss:2)
  A gnoll bouda (D:10)
  A human skeleton (Crypt:2)
  2 iguanas (D:5)
  28 orc wizards
  2 hound zombies (D:4)
  A mummy (D:7)
  A howler monkey skeleton (Crypt:1)
  28 gnolls
  2 steam dragon zombies (Crypt:2)
  6 adders
  2 shadow imps (D:6)
  5 white imps
  An ufetubus (D:4)
  A worm (shapeshifter) (D:12)
  97 orcs
  10 endoplasms
  4 giant cockroaches
  14 goblins
  10 hobgoblins
  6 jackals
  19 kobolds
  8 quokkas
  7 ball pythons
  5 bats
  2 frilled lizards (D:1)
  A hobgoblin skeleton (Crypt:2)
  7 rats
  A lurking horror (Abyss:3)
  3 tentacles (Swamp:4)
2710 creatures vanquished.

Vanquished Creatures (others)
  A draconian annihilator (Zot:2)
  A green draconian (Zot:2)
  A deep elf annihilator (Elf:3)
  A deep elf knight (Elf:1)
  3 bloated husks
  An ancient zyme (Abyss:2)
  A water elemental (Elf:1)
  An acid dragon (D:12)
  An orc priest (Orc:2)
  A white imp (Abyss:3)
  2 orcs (Orc:2)
  41 foxfires
  6 tentacles (Swamp:4)
61 creatures vanquished.

Grand Total: 2771 creatures vanquished

Notes
Turn   | Place    | Note
-------+----------+-------------------------------------------
     0 | D:1      | Shym the Vine Stalker Fighter began the quest for the Orb.
     0 | D:1      | Reached XP level 1. HP: 11/11 MP: 2/2
    70 | D:1      | Reached XP level 2. HP: 16/16 MP: 3/3
   421 | D:1      | Reached XP level 3. HP: 20/20 MP: 2/4
   743 | D:1      | Found a faded altar of an unknown god.
   910 | D:2      | Identified the +1 hat of the Monkey's Uncle {rPois}
  1204 | D:2      | Reached XP level 4. HP: 18/25 MP: 3/5
  1729 | D:3      | Noticed Sigmund
  1805 | D:3      | Reached XP level 5. HP: 7/29 MP: 3/6
  1987 | D:3      | Found a blossoming altar of Fedhas.
  2007 | D:3      | Noticed an oklob plant
  2075 | D:3      | Found Cynurail's Antique Weapon Shoppe.
  2801 | D:4      | Found a sparkling altar of Nemelex Xobeh.
  2927 | D:4      | Reached XP level 6. HP: 33/33 MP: 5/7
  2931 | D:4      | Reached skill level 1 in Dodging
  3079 | D:4      | Found a bloodstained altar of Trog.
  3242 | D:4      | Found a staircase to the Ecumenical Temple.
  3263 | D:4      | Reached skill level 5 in Short Blades
  3272 | D:4      | Reached XP level 7. HP: 37/37 MP: 8/8
  3280 | Temple   | Entered the Ecumenical Temple
  3293 | D:4      | Found a hide-covered altar of Uskayaw.
  3293 | D:4      | Found a shimmering altar of Xom.
  3295 | D:4      | Found a shadowy altar of Dithmenos.
  3296 | D:4      | Found an iron altar of Okawaru.
  3296 | D:4      | Found a radiant altar of Vehumet.
  3311 | D:4      | Became a worshipper of Uskayaw the Reveller
  3378 | D:4      | Found a white marble altar of Elyvilon.
  3502 | D:4      | Reached * piety under Uskayaw
  3597 | D:4      | Reached ** piety under Uskayaw
  3610 | D:4      | Found a basalt altar of Yredelemnul.
  3706 | D:5      | Entered Level 5 of the Dungeon
  3730 | D:5      | Reached *** piety under Uskayaw
  3956 | D:5      | Gained mutation: You have razor-sharp teeth. [Vine Stalker
                  | growth]
  3956 | D:5      | Reached XP level 8. HP: 31/42 MP: 9/9
  4179 | D:5      | Identified the +13 plate armour "Veghuv" {Will+ Regen+
                  | Str+3}
  4612 | D:6      | Reached skill level 1 in Invocations
  4726 | D:6      | Reached skill level 2 in Invocations
  4819 | D:6      | Reached skill level 3 in Invocations
  5211 | D:7      | Reached skill level 4 in Invocations
  5211 | D:7      | Reached XP level 9. HP: 44/45 MP: 11/13
  5311 | D:7      | Found a snail-covered altar of Cheibriados.
  5357 | D:7      | Found a flagged portal.
  5360 | D:7      | Reached skill level 5 in Invocations
  5375 | D:7      | Reached **** piety under Uskayaw
  5463 | Bailey   | Entered a bailey
  5598 | Bailey   | Reached skill level 6 in Invocations
  5616 | Bailey   | Noticed an orc warlord
  5630 | Bailey   | Reached ***** piety under Uskayaw
  5660 | Bailey   | Killed an orc warlord
  5661 | Bailey   | Reached skill level 10 in Short Blades
  5661 | Bailey   | Reached skill level 5 in Armour
  5661 | Bailey   | Reached XP level 10. HP: 47/49 MP: 15/15
  6323 | D:7      | Found a burning altar of Makhleb.
  6579 | D:7      | Acquired the +0 pair of fencer's gloves {Riposte Dex+3}
  6579 | D:7      | Found the +0 pair of fencer's gloves {Riposte Dex+3}
  6602 | D:7      | Acquired the ring "Sifaeh" {rC++ rN+}
  6687 | D:8      | Found a glowing silver altar of Zin.
  7083 | D:8      | Found Fycuamuo's Assorted Antiques.
  7385 | D:8      | Found a runed translucent gate.
  7385 | D:8      | Found a runed translucent gate.
  7386 | D:8      | Noticed dohliylev's ghost (novice TrWr)
  7387 | D:8      | Found a runed translucent gate.
  7603 | D:8      | Upgraded the game from 0.31-a0-844-gdc52ec4e09 to
                  | 0.31-a0-845-g9abc20d24f
  7635 | D:9      | Found Laulock's Weapon Emporium.
  7651 | D:9      | Reached skill level 5 in Fighting
  7706 | D:9      | Reached skill level 7 in Invocations
  7776 | D:9      | Reached XP level 11. HP: 56/56 MP: 17/17
  7998 | D:9      | Found a staircase to the Lair.
  8100 | D:9      | Found a hazy altar of Hepliaklqana.
  8218 | D:10     | Entered Level 10 of the Dungeon
  8681 | D:10     | Reached skill level 8 in Invocations
  9183 | D:11     | Noticed a two-headed ogre
  9204 | D:11     | Killed a two-headed ogre
  9565 | D:11     | Noticed a cyclops
  9590 | D:11     | Killed a cyclops
  9591 | D:11     | Reached skill level 9 in Invocations
  9720 | D:11     | Noticed a boulder beetle
  9735 | D:11     | Killed a boulder beetle
  9786 | D:11     | Found a portal to a secret trove of treasure.
 10198 | D:12     | Noticed a two-headed ogre
 10212 | D:12     | Killed a two-headed ogre
 10213 | D:12     | Noticed a boulder beetle
 10243 | D:12     | Killed a boulder beetle
 10244 | D:12     | Reached XP level 12. HP: 59/62 MP: 20/20
 10248 | D:12     | Found a staircase to the Orcish Mines.
 10251 | D:12     | Found Heolarch's Armour Shoppe.
 10295 | D:12     | Bought a +1 cloak of willpower for 247 gold pieces
 10367 | D:12     | Noticed an ogre mage
 10386 | D:12     | Noticed a two-headed ogre
 10388 | D:12     | Noticed a two-headed ogre
 10388 | D:12     | Noticed a two-headed ogre
 10428 | D:12     | Killed a two-headed ogre
 10428 | D:12     | Reached ****** piety under Uskayaw
 10429 | D:12     | Reached skill level 10 in Invocations
 10429 | D:12     | Killed a two-headed ogre
 10435 | D:12     | Killed an ogre mage
 10441 | D:12     | Killed a two-headed ogre
 10561 | D:12     | Noticed an ice dragon
 10609 | D:12     | Killed an ice dragon
 10629 | D:12     | Reached skill level 10 in Armour
 10724 | D:12     | Found a white marble altar of Elyvilon.
 10792 | D:12     | Identified the +9 whip "Udeele" {chaos, rElec rPois rN+
                  | Will-}
 10911 | D:12     | Noticed a boulder beetle
 10964 | D:12     | Killed a boulder beetle
 11154 | D:12     | Identified the +6 quarterstaff "Camuu" {antimagic, +Blink
                  | Dex+3 Stlth+}
 11911 | D:3      | Killed Sigmund
 12040 | D:8      | Noticed a centaur warrior
 12053 | D:8      | Reached skill level 11 in Invocations
 12055 | D:8      | Killed a centaur warrior
 12056 | D:8      | Reached XP level 13. HP: 70/70 MP: 22/22
 12422 | D:8      | Killed dohliylev's ghost
 12535 | D:8      | Bought a coiled granite ring for 120 gold pieces
 12535 | D:8      | Identified the ring of Freedom {Str+4 SInv} (You bought it
                  | in a shop on level 8 of the Dungeon)
 12619 | Lair:1   | Entered Level 1 of the Lair of Beasts
 12857 | Lair:1   | Reached skill level 10 in Fighting
 12939 | Lair:1   | Reached skill level 12 in Invocations
 13935 | Lair:2   | Found a staircase to the Swamp.
 13935 | Lair:2   | Noticed an eleionoma
 13956 | Lair:2   | Killed an eleionoma
 14111 | Lair:2   | Reached skill level 5 in Shields
 14202 | Lair:2   | Reached skill level 13 in Invocations
 14816 | Lair:2   | Reached XP level 14. HP: 77/77 MP: 25/25
 15553 | Lair:3   | Reached skill level 14 in Invocations
 15816 | Lair:3   | Found a hole to the Spider Nest.
 16304 | Lair:4   | Reached skill level 5 in Dodging
 16879 | Lair:4   | Identified the +6 scimitar of Diav Bus {flame, Will+ Int+4
                  | Dex+3}
 16894 | Lair:4   | Found a bloodstained altar of Trog.
 16977 | Lair:4   | Noticed Mappomat's ghost (journeyman FeSh)
 16996 | Lair:4   | Found a transporter.
 17001 | Lair:4   | Found a transporter.
 17047 | Lair:5   | Entered Level 5 of the Lair of Beasts
 17537 | Lair:5   | Reached XP level 15. HP: 84/84 MP: 26/26
 17967 | Lair:5   | Identified the +3 scale mail of Responsibility {Int+2}
 18095 | Lair:5   | Found a staircase to the Slime Pits.
 18291 | Lair:5   | Found a radiant altar of Vehumet.
 18918 | Swamp:1  | Entered Level 1 of the Swamp
 18933 | Swamp:1  | Noticed a thorn hunter
 18955 | Swamp:1  | Killed a thorn hunter
 19135 | Swamp:1  | Noticed Jorgrun
 19170 | Swamp:1  | Killed Jorgrun
 19404 | Swamp:1  | Reached skill level 15 in Invocations
 19718 | Swamp:2  | Reached skill level 1 in Evocations
 20555 | Swamp:3  | Found a frozen archway.
 20573 | IceCv    | Entered an ice cave
 20674 | IceCv    | Reached XP level 16. HP: 91/91 MP: 28/28
 21003 | IceCv    | Noticed a shard shrike
 21033 | IceCv    | Killed a shard shrike
 21054 | IceCv    | Reached skill level 16 in Invocations
 21099 | IceCv    | Got an unusual book
 21106 | IceCv    | Identified the +1 scale mail "Wuklael" {Will+}
 21111 | IceCv    | Identified the +3 trident "Wukuv" {freeze, Int+4}
 22055 | Swamp:4  | Entered Level 4 of the Swamp
 22225 | Swamp:4  | Reached skill level 15 in Fighting
 22372 | Swamp:4  | Noticed a tentacled monstrosity
 22386 | Swamp:4  | Killed a tentacled monstrosity
 22434 | Swamp:4  | Got a decaying rune of Zot
 22455 | Swamp:4  | Reached XP level 17. HP: 99/99 MP: 30/30
 22573 | Swamp:4  | Reached skill level 10 in Shields
 23010 | Swamp:4  | Noticed a kraken
 23041 | Swamp:4  | Killed a kraken
 23699 | Orc:1    | Entered Level 1 of the Orcish Mines
 24164 | Orc:1    | Noticed Sonja
 24177 | Orc:1    | Killed Sonja
 24474 | Orc:1    | Found Wul Upethrody's Assorted Antiques.
 24616 | Orc:2    | Entered Level 2 of the Orcish Mines
 24618 | Orc:2    | Found a staircase to the Elven Halls.
 25448 | Orc:2    | Gained mutation: You occasionally lose the ability to drink
                  | potions when taking damage. [a neqoxec]
 25714 | Orc:2    | Found Qytsiuk's General Store.
 25715 | Orc:2    | Found Xeafa's Jewellery Boutique.
 25717 | Orc:2    | Found Saluh's Antique Armour Boutique.
 25717 | Orc:2    | Found Pideofer's Antique Weapon Shop.
 25859 | Orc:2    | Bought the ring of the Thoughtful Mystics {rN++ MP+9 EV+5
                  | Str-4 SInv} for 886 gold pieces
 25957 | Orc:1    | Bought an embroidered cloak for 232 gold pieces
 26024 | Orc:1    | Learned a level 1 spell: Apportation
 26283 | Orc:1    | Bought a scroll of identify for 62 gold pieces
 26283 | Orc:1    | Bought a scroll of identify for 62 gold pieces
 26376 | D:13     | Reached skill level 1 in Throwing
 27340 | D:14     | Reached skill level 1 in Translocations
 27384 | D:14     | Found Puomn's Book Shoppe.
 27788 | D:14     | Found a gate to the Vaults.
 27840 | D:15     | Entered Level 15 of the Dungeon
 27969 | D:15     | Found a staircase to the Depths.
 28035 | D:15     | Reached XP level 18. HP: 107/107 MP: 31/31
 29036 | Spider:1 | Entered Level 1 of the Spider Nest
 29179 | Spider:1 | Noticed Louise
 29211 | Spider:1 | Killed Louise
 29729 | Spider:1 | Noticed Rupert
 29747 | Spider:1 | Killed Rupert
 30453 | Spider:2 | Noticed Arachne
 30491 | Spider:2 | Killed Arachne
 30657 | Spider:2 | Reached skill level 5 in Throwing
 31883 | Spider:3 | Noticed Agnes
 31898 | Spider:3 | Killed Agnes
 32125 | Spider:3 | Gained mutation: You have hidden genetic defects.
                  | [mutagenic glow]
 32187 | Spider:3 | Gained mutation: Your body sometimes deteriorates upon
                  | taking damage. [mutagenic glow]
 32501 | Spider:3 | Reached skill level 5 in Evocations
 32577 | Spider:3 | Found a runed translucent gate.
 32577 | Spider:3 | Found a runed translucent gate.
 32577 | Spider:3 | Found a runed translucent gate.
 32580 | Spider:3 | Noticed Abboc's ghost (adept VSWr)
 32778 | Spider:3 | Noticed Mara
 32788 | Spider:3 | Noticed Shym's illusion
 32855 | Spider:3 | Killed Mara
 33250 | Spider:3 | Gained mutation: Armour fits poorly on your strangely
                  | shaped body. [hidden defects]
 33316 | Spider:3 | Killed Abboc's ghost
 33340 | Spider:3 | Identified the +1 pair of boots of Liberty {Slay+3}
 33378 | Spider:3 | Lost mutation: You have hidden genetic defects. [potion of
                  | mutation]
 33378 | Spider:3 | Lost mutation: You occasionally lose the ability to drink
                  | potions when taking damage. [potion of mutation]
 33378 | Spider:3 | Gained mutation: You have sharp toenails. [potion of
                  | mutation]
 33378 | Spider:3 | Gained mutation: You are occasionally teleported next to
                  | monsters. [potion of mutation]
 33379 | Spider:3 | Lost mutation: You are occasionally teleported next to
                  | monsters. [potion of mutation]
 33379 | Spider:3 | Lost mutation: Armour fits poorly on your strangely shaped
                  | body. [potion of mutation]
 33379 | Spider:3 | Gained mutation: You are dopey. (Int -2) [potion of
                  | mutation]
 33379 | Spider:3 | Gained mutation: Your body often deteriorates upon taking
                  | damage. [potion of mutation]
 33483 | Spider:4 | Entered Level 4 of the Spider Nest
 33500 | Spider:4 | Reached XP level 19. HP: 114/114 MP: 32/32
 34027 | Spider:4 | Reached skill level 17 in Invocations
 34502 | Spider:4 | Got a gossamer rune of Zot
 35041 | Lair:4   | Killed Mappomat's ghost
 35433 | Elf:1    | Entered Level 1 of the Elven Halls
 35719 | Elf:1    | Paralysed by an air elemental for 1 turns
 35790 | Elf:1    | Noticed a Brimstone Fiend
 35974 | Elf:1    | Reached XP level 20. HP: 118/119 MP: 33/33
 36056 | Elf:1    | Paralysed by an air elemental for 1 turns
 36059 | Elf:1    | Paralysed by an air elemental for 1 turns
 36071 | Elf:1    | Reached skill level 18 in Invocations
 36448 | Elf:1    | Identified the +3 leather armour "Kuzauros" {rPois}
 36496 | Elf:1    | Got a moldy book
 37113 | Elf:2    | Reached skill level 1 in Long Blades
 37442 | Elf:2    | Found a huge runed translucent gate.
 37442 | Elf:2    | Found a huge runed translucent gate.
 37442 | Elf:2    | Found a huge runed translucent gate.
 37442 | Elf:2    | Found a huge runed translucent gate.
 37445 | Elf:2    | Found a huge runed translucent gate.
 37921 | Elf:2    | Reached skill level 5 in Long Blades
 38076 | Elf:3    | Entered Level 3 of the Elven Halls
 38764 | Elf:3    | Identified the +2 flail "Globulus" {venom, rF++ Str-3}
 38772 | Elf:3    | Noticed a Brimstone Fiend
 38777 | Elf:3    | Identified the ring "Xuarec" {Will- MP+9 Int+3}
 38786 | Elf:3    | Noticed a Brimstone Fiend
 38996 | Elf:3    | Identified the +6 war axe of Fundamental Breach {spect, rC+
                  | Dex+4}
 39021 | Elf:3    | Reached skill level 19 in Invocations
 39098 | Elf:3    | Identified the staff of Equivalence {rF+ Int+4 Fire}
 39175 | Elf:3    | Identified the +1 robe "Uloul" {+Blink rF- Str+9 Int-3}
 39177 | Elf:3    | Identified the +1 flail of Jeyciot {chaos, Str+3}
 39187 | Elf:3    | Got a conspicuous book
 39445 | Elf:3    | Found Jantowk's Antique Weapon Shoppe.
 39879 | Vaults:1 | Entered Level 1 of the Vaults
 39939 | Vaults:1 | Reached XP level 21. HP: 123/123 MP: 35/35
 42693 | Vaults:3 | Noticed a dread lich
 42703 | Vaults:3 | Reached skill level 20 in Invocations
 42707 | Vaults:3 | Killed a dread lich
 43020 | Vaults:3 | Noticed a bone dragon
 43022 | Vaults:3 | Found a staircase to the Crypt.
 43052 | Vaults:3 | Killed a bone dragon
 43121 | Vaults:3 | Reached XP level 22. HP: 128/128 MP: 37/37
 43401 | Vaults:3 | Got a shiny book
 43404 | Vaults:3 | Identified the +4 dagger of Wu Jian's Displeasure {flame,
                  | rC+ rCorr MP-9 Str+4}
 43413 | Vaults:3 | Identified the +11 dagger of Wak Ise {heavy, rElec rF+
                  | rC++}
 43415 | Vaults:3 | Got a mumbling book
 43766 | Vaults:4 | Found Byc Miluca's Armour Boutique.
 44077 | Vaults:4 | Noticed Boris
 44096 | Vaults:4 | Killed Boris
 44229 | Vaults:4 | Found Juumaikh's General Store.
 44274 | Vaults:4 | Reached skill level 10 in Dodging
 44288 | Vaults:4 | Reached skill level 21 in Invocations
 44374 | Vaults:4 | Identified the scarf "Cugytevo" {rC+ rF+, Str+3 Stlth+}
 45404 | Orc:1    | Reached skill level 1 in Stealth
 45602 | Orc:1    | Identified the +9 shortbow of the Grave {antimagic, Dex+3}
 45606 | Orc:1    | Identified the +2 glaive "Zodovouc" {venom, rPois MP-9
                  | Str+4 SInv}
 45609 | Orc:1    | Identified the +6 long sword of Lyucriof {flame, Stlth+}
 45610 | Orc:1    | Identified the +6 sling "Sunem" {flame, Int+3 Dex+4}
 45611 | Orc:1    | Identified the +11 great mace "Yschone" {heavy, rN++ Int+5
                  | Stlth-}
 45740 | Orc:1    | Bought a scroll of teleportation for 93 gold pieces
 45740 | Orc:1    | Bought a scroll of teleportation for 93 gold pieces
 45789 | Orc:2    | Bought a scroll of revelation for 75 gold pieces
 45952 | D:8      | Bought a scroll of fear for 96 gold pieces
 45952 | D:8      | Bought a scroll of fog for 96 gold pieces
 46773 | D:8      | Bought a scroll of enchant weapon for 180 gold pieces
 46924 | D:11     | You paid a toll of 8 potions of haste to enter a treasure
                  | trove
 46925 | Trove    | Entered a treasure trove
 46929 | Trove    | Identified the amulet of the Priest {RegenMP rElec rCorr
                  | Str+6 Slay-6}
 46945 | Trove    | Identified the ring of Foolhardiness {Wiz rF+ Int+3}
 46956 | Trove    | Identified the ring "Jaesen" {Int+6 Dex+7}
 46960 | Trove    | Identified the ring "Ussid" {Fly Will+++ Int+3 Dex-4}
 46964 | Trove    | Identified the ring "Imeuv" {Ice rPois rN+ Str+2}
 46966 | Trove    | Identified the ring "Wuxzeiri" {rPois MP+9 Str+2 Stlth+}
 47235 | Depths:1 | Entered Level 1 of the Depths
 47383 | Depths:1 | Noticed a caustic shrike
 47384 | Depths:1 | Noticed a golden dragon
 47389 | Depths:1 | Killed a caustic shrike
 47393 | Depths:1 | Killed a golden dragon
 47402 | Depths:1 | Reached skill level 5 in Stealth
 47684 | Depths:1 | Got a curling book
 47831 | Depths:1 | Reached XP level 23. HP: 133/133 MP: 38/38
 47836 | Depths:1 | Reached skill level 15 in Shields
 48338 | Depths:1 | Found a one-way gate leading to the halls of Pandemonium.
 48356 | Depths:1 | Found a gateway to Hell.
 48369 | Depths:1 | Found a one-way gate to the infinite horrors of the Abyss.
 48463 | Depths:1 | Found a one-way gateway to a ziggurat.
 48666 | Depths:1 | Reached skill level 22 in Invocations
 48972 | Depths:2 | Identified the ring of Jedohaq {Ice Will+ Str+2 Stlth+}
 48972 | Depths:2 | Noticed Josephina
 48976 | Depths:2 | Noticed Boris
 49211 | Depths:2 | Killed Josephina
 49228 | Depths:2 | Killed Boris
 50115 | Depths:3 | Found an opulent altar of Gozag.
 50132 | Depths:3 | Noticed a golden dragon
 50161 | Depths:3 | Killed a golden dragon
 50293 | Depths:3 | Noticed a juggernaut
 50301 | Depths:3 | Noticed a caustic shrike
 50303 | Depths:3 | Noticed a juggernaut
 50313 | Depths:3 | Killed a juggernaut
 50318 | Depths:3 | Reached XP level 24. HP: 128/137 MP: 39/39
 50321 | Depths:3 | Killed a caustic shrike
 50324 | Depths:3 | Reached skill level 23 in Invocations
 50348 | Depths:3 | Killed a juggernaut
 50350 | Depths:3 | Noticed a juggernaut
 50366 | Depths:3 | Killed a juggernaut
 50608 | Depths:3 | Found the +3 warlock's mirror {omnireflect}
 50615 | Depths:3 | Identified the staff "Sumu" {rN+ Summ Necro}
 50729 | Depths:3 | Found Qorueb's Weapon Shop.
 51130 | Depths:4 | Entered Level 4 of the Depths
 51269 | Depths:4 | Found a gate to the Realm of Zot.
 52234 | Crypt:1  | Entered Level 1 of the Crypt
 52250 | Crypt:1  | Noticed Margery
 52263 | Crypt:1  | Killed Margery
 52801 | Crypt:2  | Reached skill level 24 in Invocations
 52905 | Crypt:2  | Reached skill level 10 in Stealth
 53424 | Crypt:2  | Reached XP level 25. HP: 142/142 MP: 40/40
 53509 | Crypt:2  | Found a runed translucent gate.
 53510 | Crypt:2  | Found a runed translucent gate.
 53511 | Crypt:2  | Found a runed translucent gate.
 53542 | Crypt:2  | Noticed Xecaleth's ghost (adept GrFi)
 53702 | Crypt:2  | Identified the +11 quarterstaff of Destruction {drain,
                  | rPois rC- Str-5 Dex+8}
 53706 | Crypt:2  | Found an iron altar of Okawaru.
 53720 | Crypt:3  | Entered Level 3 of the Crypt
 54029 | Crypt:3  | Noticed an ancient lich
 54053 | Crypt:3  | Killed an ancient lich
 54243 | Crypt:3  | Found a staircase to the Tomb.
 54398 | Crypt:3  | Identified the ring of Ephemeral Luck {+Blink rN+ MP+9
                  | Dex+3}
 54398 | Crypt:3  | Identified the ring of Salvation {rN+ Will- Int+3 Dex+5
                  | Stlth+}
 54850 | Crypt:3  | Found an ancient bone altar of Kikubaaqudgha.
 54998 | Crypt:3  | Found the +8 Vampire's Tooth {megavamp}
 55000 | Crypt:3  | Identified the +4 ring mail "Nesteni" {Harm rC+ Will++
                  | Str+3}
 55004 | Crypt:3  | Identified the ring of Woraxt {rF+ rCorr Str+2 SInv}
 55774 | Vaults:4 | Bought a scroll of identify for 38 gold pieces
 55774 | Vaults:4 | Bought a potion of might for 76 gold pieces
 55830 | Vaults:5 | Entered Level 5 of the Vaults
 55957 | Vaults:5 | Got a silver rune of Zot
 56060 | Vaults:5 | Noticed a dread lich
 56071 | Vaults:5 | Killed a dread lich
 56141 | Vaults:5 | Identified the +1 shortbow of Dissolution {drain, rC- rCorr
                  | Str+3 Dex+5}
 56185 | Vaults:5 | Got a fuliginous book
 56247 | Vaults:5 | Identified the +0 demon trident of Etih {vamp, rCorr Dex+3}
 56283 | Vaults:5 | Acquired a manual of Long Blades
 56420 | Vaults:5 | Found the +4 Cigotuvi's embrace {Corpsefed rMiasma Drain
                  | rN+}
 56430 | Vaults:5 | Reached XP level 26. HP: 147/147 MP: 40/40
 56431 | Vaults:5 | Reached skill level 25 in Invocations
 56485 | Vaults:5 | Found Peschace's Jewellery Shoppe.
 56675 | Vaults:5 | Reached skill level 10 in Evocations
 56903 | Vaults:5 | Identified the +3 morningstar "Arcanum" {elec, rElec rN+
                  | Dex+4}
 57563 | Slime:1  | Entered Level 1 of the Pits of Slime
 57580 | Slime:1  | Gained mutation: Your muscles are strong. (Str +4, Int/Dex
                  | -1) [a shining eye]
 57581 | Slime:1  | Gained mutation: You are frail. (-10% HP) [a shining eye]
 58087 | Slime:2  | Lost mutation: Your muscles are strong. (Str +4, Int/Dex
                  | -1) [a shining eye]
 58904 | Slime:3  | Gained mutation: You are occasionally teleported next to
                  | monsters. [a shining eye]
 59656 | Slime:4  | Gained mutation: You are clumsy. (Dex -2) [a shining eye]
 59754 | Slime:5  | Entered Level 5 of the Pits of Slime
 59801 | Slime:4  | Lost mutation: You are clumsy. (Dex -2) [potion of
                  | mutation]
 59801 | Slime:4  | Lost mutation: Your body often deteriorates upon taking
                  | damage. [potion of mutation]
 59801 | Slime:4  | Gained mutation: You are partially covered in iridescent
                  | scales. (AC +2) [potion of mutation]
 59801 | Slime:4  | Gained mutation: You expend magic power (3 MP) to
                  | strengthen your wands. [potion of mutation]
 59801 | Slime:4  | Lost mutation: You are frail. (-10% HP) [potion of
                  | mutation]
 59802 | Slime:4  | Lost mutation: You are dopey. (Int -2) [potion of mutation]
 59802 | Slime:4  | Lost mutation: You are occasionally teleported next to
                  | monsters. [potion of mutation]
 59802 | Slime:4  | Lost mutation: You are partially covered in iridescent
                  | scales. (AC +2) [potion of mutation]
 59802 | Slime:4  | Gained mutation: You are occasionally teleported next to
                  | monsters. [potion of mutation]
 59802 | Slime:4  | Gained mutation: You have hidden genetic defects. [potion
                  | of mutation]
 59802 | Slime:4  | Lost mutation: You have hidden genetic defects. [potion of
                  | mutation]
 59803 | Slime:4  | Lost mutation: You have sharp toenails. [potion of
                  | mutation]
 59803 | Slime:4  | Lost mutation: Your body sometimes deteriorates upon taking
                  | damage. [potion of mutation]
 59803 | Slime:4  | Lost mutation: You expend magic power (3 MP) to strengthen
                  | your wands. [potion of mutation]
 59803 | Slime:4  | Gained mutation: You are partially covered in iridescent
                  | scales. (AC +2) [potion of mutation]
 59803 | Slime:4  | Lost mutation: You are partially covered in iridescent
                  | scales. (AC +2) [potion of mutation]
 59803 | Slime:4  | Gained mutation: You are partially covered in iridescent
                  | scales. (AC +2) [potion of mutation]
 59803 | Slime:4  | Gained mutation: You are agile. (Dex +4, Str/Int -1)
                  | [potion of mutation]
 59804 | Slime:4  | Lost mutation: You are occasionally teleported next to
                  | monsters. [potion of mutation]
 59804 | Slime:4  | Lost mutation: You are partially covered in iridescent
                  | scales. (AC +2) [potion of mutation]
 59804 | Slime:4  | Gained mutation: You possess an exceptional clarity of
                  | mind. [potion of mutation]
 59804 | Slime:4  | Gained mutation: You are robust. (+10% HP) [potion of
                  | mutation]
 59804 | Slime:4  | Gained mutation: You are strong-willed. (Will+) [potion of
                  | mutation]
 59960 | Slime:5  | Gained mutation: Your spells are a little easier to cast,
                  | but a little less powerful. [a shining eye]
 59962 | Slime:5  | Gained mutation: You occasionally shout uncontrollably at
                  | your foes. [a shining eye]
 60068 | Slime:5  | Noticed the Royal Jelly
 61097 | Slime:5  | Found a viscous altar of Jiyva.
 61239 | Slime:5  | Killed the Royal Jelly
 61318 | Slime:5  | Got a slimy rune of Zot
 61415 | Slime:5  | Identified the +0 chain mail of Greed {Stlth+}
 62410 | Zot:1    | Entered Level 1 of the Realm of Zot
 62458 | Zot:1    | Reached skill level 15 in Armour
 62543 | Zot:1    | Noticed an orb of fire
 62545 | Zot:1    | Killed an orb of fire
 62546 | Zot:1    | Reached skill level 26 in Invocations
 62650 | Zot:1    | Reached XP level 27. HP: 166/166 MP: 41/41
 62796 | Zot:1    | Acquired 654 gold pieces
 63678 | Zot:2    | Found the +5 glaive of the Guard {elec, spectral}
 63823 | Zot:2    | Noticed Grunn
 63837 | Zot:2    | Killed Grunn
 64396 | Zot:3    | Reached skill level 27 in Invocations
 64766 | Zot:3    | You fall into a shaft and drop 1 floor!
 64871 | Zot:4    | Reached skill level 15 in Stealth
 69126 | Zot:4    | Found a runed translucent gate.
 69126 | Zot:4    | Found a runed translucent gate.
 69126 | Zot:4    | Found a runed translucent gate.
 69126 | Zot:4    | Noticed Heisao's ghost (legendary TrBe)
 69127 | Zot:4    | Found an opulent altar of Gozag.
 69553 | Crypt:2  | Upgraded the game from 0.31-a0-845-g9abc20d24f to
                  | 0.31-a0-846-gb3bcc0d938
 69564 | Crypt:2  | Killed Xecaleth's ghost
 69580 | Crypt:2  | Identified the +1 great mace of the Bouncing People {flame,
                  | +Blink Fly}
 69581 | Crypt:2  | Identified the +3 scale mail of Yredelemnul's Wrath {+Blink
                  | rF+}
 70552 | Zot:4    | Found Veitimia's Assorted Antiques.
 70554 | Zot:4    | Upgraded the game from 0.31-a0-846-gb3bcc0d938 to
                  | 0.31-a0-848-gaac375c287
 70591 | Zot:4    | Killed Heisao's ghost
 70628 | Zot:4    | Bought a scroll of teleportation for 99 gold pieces
 71280 | Zot:5    | Entered Level 5 of the Realm of Zot
 71580 | Zot:5    | Noticed an orb of fire
 71646 | Zot:5    | Lost mutation: You possess an exceptional clarity of mind.
                  | [an orb of fire]
 71656 | Zot:5    | Killed an orb of fire
 71832 | Zot:5    | Noticed an orb of fire
 71835 | Zot:5    | Noticed an orb of fire
 71838 | Zot:5    | Noticed an ancient lich
 71839 | Zot:5    | Killed an orb of fire
 72107 | Zot:5    | Killed an ancient lich
 72134 | Zot:5    | Noticed an ancient lich
 72135 | Zot:5    | Killed an ancient lich
 72297 | Zot:4    | Acquired the +2 helmet "Metz" {rN+ Dex+4}
 72435 | Zot:5    | Noticed an ancient lich
 72443 | Zot:5    | Killed an ancient lich
 72453 | Zot:5    | Noticed an orb of fire
 72456 | Zot:5    | Killed an orb of fire
 72475 | Zot:5    | Noticed a dread lich
 72483 | Zot:5    | Killed a dread lich
 72483 | Zot:5    | Noticed a dread lich
 72491 | Zot:5    | Noticed an ancient lich
 72494 | Zot:5    | Killed a dread lich
 72506 | Zot:5    | Killed an ancient lich
 72578 | Zot:5    | Killed an orb of fire
 72607 | Zot:5    | Upgraded the game from 0.31-a0-848-gaac375c287 to
                  | 0.31-a0-851-g7ff8af7976
 73586 | Orc:2    | Bought a wand of digging (4) for 168 gold pieces
 73772 | Depths:1 | Voluntarily entered the Abyss.
 73851 | Abyss:2  | Found a corrupted altar of Lugonu.
 73862 | Abyss:2  | Found a corrupted altar of Lugonu.
 73862 | Abyss:2  | Found a corrupted altar of Lugonu.
 74006 | Abyss:2  | Found a corrupted altar of Lugonu.
 74006 | Abyss:2  | Found a corrupted altar of Lugonu.
 74084 | Abyss:2  | Paralysed by accursed screaming for 1 turns
 74137 | Abyss:2  | Found a corrupted altar of Lugonu.
 74397 | Abyss:3  | Noticed an ancient lich
 74409 | Abyss:3  | Killed an ancient lich
 74476 | Abyss:3  | Gained mutation: Your magical capacity is low. (-10% MP) [a
                  | neqoxec]
 74496 | Abyss:3  | Got an abyssal rune of Zot
 74540 | Abyss:3  | Gained mutation: You are vulnerable to cold. (rC-) [a
                  | neqoxec]
 74547 | Depths:1 | Escaped the Abyss
 74665 | Depths:1 | Lost mutation: You are vulnerable to cold. (rC-) [potion of
                  | mutation]
 74665 | Depths:1 | Lost mutation: You are agile. (Dex +4, Str/Int -1) [potion
                  | of mutation]
 74665 | Depths:1 | Gained mutation: You have a pair of small horns on your
                  | head. [potion of mutation]
 74665 | Depths:1 | Lost mutation: Your magical capacity is low. (-10% MP)
                  | [potion of mutation]
 74665 | Depths:1 | Gained mutation: You heal very quickly. [potion of
                  | mutation]
 75066 | Zot:5    | Got the Orb of Zot
 75216 | Zot:1    | Noticed Buskem the pandemonium lord
 75222 | Zot:1    | Killed Buskem the pandemonium lord
 75830 | D:$      | Escaped with the Orb!

Illustrated notes

Levels and vault maps discovered:
D:1:      tekkud_arrival_beachfront_property, layout_basic,
          shapermc_ecumenical_altar_notcrosses, minmay_tromino_v4_a
D:2:      layout_basic
D:3:      layout_loops_corners, tgw_fedhas, serial_shops, shop, uniq_sigmund
D:4:      layout_loops_ring, mainiacjoe_overflow_six_doors_small,
          mainiacjoe_overflow_chevrons, lemuel_zombie_altar_yredelemnul,
          grunt_temple_overflow_open, mainiacjoe_overflow_24_doors,
          minmay_temple_entry_tees
D:5:      layout_loops_ring, supply_closet_lemuel
D:6:      layout_loops_ring, kennysheep_generic_room_3
D:7:      layout_gridville, makhleb_heckhound_becter, slow_altar_1,
          serial_rivers, chequers_serial_rivers_micro_a,
          chequers_serial_rivers_micro_e, chequers_serial_rivers_small_a,
          chequers_serial_rivers_micro_d, chequers_serial_rivers_large_a,
          enter_bailey_5, kennysheep_generic_room_11
D:8:      cheibrodos_elevator_heist, layout_loops_ring, zin_academy,
          gammafunk_ghost_nasty_kobolds, serial_shops, shop
D:9:      layout_roguey, nicolae_hepliaklqana_hazy_memory, lair_entry_dummy,
          serial_shops, nicolae_shop_bloodbath_and_beyond
D:10:     layout_basic
D:11:     layout_basic, nicolae_trove_entry_crystal,
          hangedman_abyss_or_decor_stagger
D:12:     minmay_cut_squares, layout_cross, orc_david_3, elyvilon_altar_1
D:13:     layout_grid_maze, minmay_diced_spiral
D:14:     layout_rooms, hellmonk_vaults_keyhole, serial_shops,
          nicolae_shop_hallway_stairs, kennysheep_decorative_pillar
D:15:     hangedman_depths_entry_try_elsewhere_first, layout_grid_maze,
          nicolae_splish_splash
Temple:   hellmonk_temple_of_storms
Lair:1:   layout_regular_city, beast_lair_carwin_2, wad_woods_river_01,
          grunt_megastairs_5
Lair:2:   layout_small_grid, alex1729_swamp_entry_worm_eleionoma, special_room
          [special_room_bee], nicolae_lair_liquid_snakes
Lair:3:   layout_roguey, spider_nest_entry_webs
Lair:4:   layout_loops_ring, gammafunk_ghost_wrathful_warriors
Lair:5:   minmay_lair_end_frog_pond, layout_gridlike,
          minmay_slime_entry_jelly_boxes, basic_altar, evilmike_ambush
          [evilmike_ambush_outer_corners, evilmike_ambush_inner_cross],
          lemuel_fruit_tree
Swamp:1:  cheibrodos_swamp_tower_of_moss, layout_falls_marsh,
          hangedman_swamp_blocks, uniq_jorgrun
Swamp:2:  layout_basic_swamp, evilmike_swamp_ruin_house_4, swamp_pool1,
          nicolae_swamp_wisp_ring_woods
Swamp:3:  layout_basic_swamp, portal_ice_cave_entry_pillars_three,
          evilmike_swamp_ruin_house_1, infiniplex_staircase_pool_2
Swamp:4:  swamp_vile, layout_basic_swamp, swamp_pool1,
          nicolae_swamp_thats_no_hydra
Spider:1: layout_chambers, uniq_louise, uniq_rupert
Spider:2: layout_spider_delve, uniq_arachne
Spider:3: layout_chambers, gammafunk_ghost_tricky_traps, drop_trap,
          guppyfry_spider_mini_2, uniq_agnes, uniq_mara
Spider:4: hellmonk_spider_rune_bug_friends, hangedman_spider_tarantella_strand
Slime:1:  layout_caves
Slime:2:  layout_caves, nicolae_slime_barrier
Slime:3:  layout_caves
Slime:4:  layout_caves, cheibrodos_slime_lost_civilization_4
Slime:5:  slime_pit_nicolae_jellycorners
Orc:1:    giant_chief_lemuel, layout_diamond_mine, guppyfry_orc_lava_fort,
          uniq_sonja
Orc:2:    st_orc_congregation, layout_caves
Elf:1:    eino_elf_arrival_customs, layout_geoelf_octagon,
          minmay_elf_necromancy, minivault_16
Elf:2:    elven_hall_of_blades_hangedman_alternative [nicolae_blade_lattice],
          layout_onion_city
Elf:3:    elf_hall_gauntlet_narrow, layout_geoelf_diagonals, serial_shops,
          nicolae_shop_waterfront
Vaults:1: vaults_mumra_lcd, vaults_room_pools, nicolae_vaults_tetromino_L_2,
          nicolae_vaults_disjoint_gnomons, vaults_room_stairs_pillars,
          nicolae_vaults_spaceships, nicolae_vaults_storage_closets_3,
          serial_ice_m, nicolae_vaults_stepped_doors,
          nicolae_vaults_tetromino_Z_1, layout_vaults_omnigrid
Vaults:2: nicolae_vaults_offset_grid_hallway_3, vaults_room_stairs_pillars,
          nicolae_vaults_angled_halls, v_misc_15, vaults_room_hallway,
          grunt_vaults_twisty, nicolae_vaults_closet_pinwheel_6,
          ontoclasm_vaults_decontamination, vaults_room_hallway, v_misc_12,
          nicolae_vaults_trapezoid_lopsided_3, layout_vaults_omnibox
Vaults:3: nicolae_vaults_doubleplus_tesselated, ontoclasm_vaults_ring_large,
          nicolae_vaults_you_can_take_it_with_you,
          nicolae_vaults_network_square, nicolae_vaults_diamond_1,
          minmay_crypt_entry_nasty_monster, nicolae_vaults_network_periphery,
          dpeg_vaults_monster_box, nicolae_vaults_double_plus_1,
          layout_vaults_big_room
Vaults:4: nicolae_vaults_ring_of_whatevers, nicolae_vaults_cornered_office,
          v_misc_9, hangedman_vaults_nodes, vaults_room_octagon,
          ontoclasm_vaults_hangar, v_misc_11, ontoclasm_vaults_fault,
          nicolae_vaults_ring_of_whatevers, nicolae_vaults_trapezoid_layered,
          nicolae_vaults_surprise_closet_hard, vaults_room_fours,
          ontoclasm_vaults_gateway, nicolae_vaults_rhombus_7,
          nicolae_vaults_sealed_display, nicolae_vaults_little_squares_4,
          nicolae_vaults_prndl, nicolae_vaults_two_Ls, layout_vaults_ring,
          serial_shops, nicolae_shop_behind_doors, nicolae_shop_window_shopping,
          uniq_boris
Vaults:5: serial_shops
Crypt:1:  layout_rooms, uniq_margery
Crypt:2:  layout_misc_corridors, gammafunk_ghost_fury_of_okawaru, st_stairs_7,
          grunt_ministairs_7, minivault_26
Crypt:3:  cryptofortress_bobbens
Depths:1: nzn_winding_woodlands_stair_cross
          [nzn_winding_woodlands_5x15_split_checker,
          nzn_winding_woodlands_center_lodge,
          nzn_winding_woodlands_5x15_pockets, nzn_winding_woodlands_hourglass,
          nzn_winding_woodlands_5x5_checkerboard,
          nzn_winding_woodlands_5x15_jagged,
          nzn_winding_woodlands_center_triple_pond,
          nzn_winding_woodlands_5x15_concentric], layout_basic,
          enter_ziggurat_f, hangedman_abyss_entry_splay,
          grunt_pan_entry_in_and_out, hell_entry, serial_bayou_pond_d,
          grunt_decor_cap, minmay_misc_feat_ornament,
          hangedman_abyss_or_decor_passed, drop_trap, minmay_librarian
Depths:2: nicolae_moon_pools, layout_long_grid, serial_sigils_hangedman_clutch,
          grunt_mini_vestibule, rand_demon_pan_entry_4, uniq_josephina
Depths:3: minmay_expanding_squares, layout_basic, serial_shops, shop,
          hangedman_tar_grid_catacomb, special_room [special_room_jelly],
          nicolae_gozag_seed_capital, abyss_entry
Depths:4: grunt_zot_entry_funnels, layout_gridville, pf_hell_entry_great_geh,
          abyss_entry_small_statue_room, minmay_misc_feat_columns
Zot:1:    kennysheep_bubbly, layout_cathedral_of_symmetry
Zot:2:    kennysheep_room_grid, layout_gridville, uniq_grunn
Zot:3:    layout_cellular_growth, hangedman_player_shredder
Zot:4:    layout_onion_interference, ebering_ghost_gozag
Zot:5:    layout_twisted_circle

Skill      XL: |  1  2  3  4  5  6  7  8  9 10 11 12 13 14 15 16 17 18 19 20 21 22 23 24 25 26 27 |
---------------+----------------------------------------------------------------------------------+-----
Short Blades   | 2 3 4 5 7 8 10 11 12 | 12.9
Fighting       | 3 4 5 6 9 10 12 13 15 16 17 18 20 | 20.0
Shields        | 3 5 6 9 12 13 14 16 17 18 20 | 20.0
Dodging        | 2 6 7 8 10 | 10.0
Invocations    | 4 6 7 9 11 13 14 15 16 17 19 20 21 22 24 26 27 | 27.0
Armour         | 5 7 9 10 12 13 14 15 19 | 19.1
Evocations     | 2 4 6 8 9 10 | 10.0
Throwing       | 2 6 8 |  8.0
Translocations | 2 3 |  3.0
Long Blades    | 6 7 8 |  8.7
Stealth        | 6 8 10 12 14 15 | 15.0

Action                     |  1- 3 |  4- 6 |  7- 9 | 10-12 | 13-15 | 16-18 | 19-21 | 22-24 | 25-27 || total
---------------------------+-------+-------+-------+-------+-------+-------+-------+-------+-------++-------
  Melee: Rapier            |    46 |       |       |    86 |       |       |       |       |       ||   132
         Bite              |    26 |    68 |   136 |   473 |   970 |  1429 |  1121 |  1382 |  2444 ||  8049
         Short sword       |    75 |    36 |       |       |       |       |       |       |       ||   111
         Dagger            |       |   196 |   395 |   939 |  1914 |  2218 |  1457 |  1149 |       ||  8268
         Scimitar          |       |       |       |       |       |       |   127 |       |       ||   127
         Quick blade       |       |       |       |       |       |       |       |   623 |  3164 ||  3787
         Eudemon blade     |       |       |       |       |       |       |       |    13 |    11 ||    24
         Katana            |       |       |       |       |       |       |       |       |    11 ||    11
         Headbutt          |       |       |       |       |       |       |       |       |    96 ||    96
         Unarmed           |       |       |       |       |       |       |       |       |     1 ||     1
  Throw: Dart              |       |       |       |    57 |       |    27 |       |       |       ||    84
         Boomerang         |       |       |       |       |     2 |   104 |       |       |       ||   106
         Throwing net      |       |       |       |       |       |     2 |       |       |     1 ||     3
         Javelin           |       |       |       |       |       |       |       |       |     1 ||     1
   Cast: Apportation       |       |       |       |       |       |     2 |       |       |       ||     2
 Invoke: Line Pass         |       |       |     1 |     2 |    15 |    26 |    15 |     9 |     7 ||    75
         Stomp             |       |       |       |     1 |     8 |       |     1 |     7 |       ||    17
         Grand Finale      |       |       |       |       |     3 |     7 |     2 |    10 |     7 ||    29
Ability: Evoke Blink       |       |       |       |       |       |       |       |       |     2 ||     2
  Evoke: Wand              |       |       |       |       |       |     2 |       |     2 |     3 ||     7
         Lightning rod     |       |       |       |       |       |       |       |       |     2 ||     2
    Use: Scroll            |       |       |     7 |     6 |     2 |    17 |     4 |     5 |    26 ||    67
         Potion            |       |       |       |       |       |     5 |     1 |     1 |     9 ||    16
   Stab: Paralysed         |       |       |    10 |    33 |   103 |   158 |   175 |   128 |   194 ||   801
         Confused          |       |       |     1 |     1 |    12 |    20 |    15 |     9 |     6 ||    64
         Petrified         |       |       |       |       |     4 |     1 |       |       |       ||     5
         Petrifying        |       |       |       |       |     1 |     1 |       |       |       ||     2
         Held in net/web   |       |       |       |       |       |       |       |       |     2 ||     2
         Sleeping          |       |       |       |       |       |       |       |       |    13 ||    13
         Distracted        |       |       |       |       |       |       |       |       |     2 ||     2
 Armour: Scale mail        |    76 |    94 |    30 |       |       |       |       |       |       ||   200
         Plate armour      |       |       |    99 |   426 |   526 |   547 |   331 |   311 |   409 ||  2649
         Skin              |       |       |       |       |       |       |       |       |     7 ||     7
         Gold dragon scale |       |       |       |       |       |       |       |       |    47 ||    47
  Dodge: Dodged            |    61 |    53 |    81 |   184 |   414 |   403 |   336 |   263 |   356 ||  2151
         Repelled          |       |       |       |       |       |       |    16 |     1 |       ||    17
  Block: Buckler           |    35 |    70 |   119 |   258 |   429 |    49 |       |       |       ||   960
         Reflection        |     1 |     1 |     4 |     8 |    14 |    38 |   124 |    55 |    22 ||   267
         Tower shield      |       |       |       |       |       |  1583 |  1244 |  1056 |  1327 ||  5210
         Other             |       |       |       |       |       |       |       |       |     1 ||     1
Riposte: Dagger            |       |       |       |    93 |   234 |   572 |   350 |   264 |       ||  1513
         Rapier            |       |       |       |    16 |       |       |       |       |       ||    16
         Scimitar          |       |       |       |       |       |       |    47 |       |       ||    47
         Quick blade       |       |       |       |       |       |       |       |    91 |   466 ||   557
         Eudemon blade     |       |       |       |       |       |       |       |     6 |     3 ||     9
         Katana            |       |       |       |       |       |       |       |       |     3 ||     3

Table legend: (Time is in decaauts)
 A = Elapsed time spent in this place.
 B = Non-inter-level travel time spent in this place.
 C = Inter-level travel time spent in this place.
 D = Time resting spent in this place.
 E = Time spent auto-exploring this place.
 F = Levels seen in this place.
 G = Mean time per level.
                   A        B        C        D        E       F      G
               +--------+--------+--------+--------+--------+-----+--------+
         Total |  71338 |  55252 |  16086 |   4175 |  30845 |  62 | 1150.6 |
       Dungeon |  16858 |  12744 |   4114 |    347 |   8467 |  15 | 1123.9 |
        Temple |      1 |      1 |      0 |      0 |      0 |   1 |    1.0 |
          Lair |   7288 |   5050 |   2238 |    177 |   3168 |   5 | 1457.6 |
         Swamp |   3777 |   3347 |    430 |    324 |   1923 |   4 |  944.2 |
   Spider Nest |   5774 |   4874 |    900 |    278 |   2761 |   4 | 1443.5 |
    Slime Pits |   3231 |   2821 |    410 |    382 |   1492 |   5 |  646.2 |
  Orcish Mines |   3687 |   2708 |    979 |    651 |    903 |   2 | 1843.5 |
   Elven Halls |   4594 |   3788 |    806 |    241 |   1526 |   3 | 1531.3 |
        Vaults |   8452 |   5562 |   2890 |    239 |   3732 |   5 | 1690.4 |
         Crypt |   3801 |   3076 |    725 |    503 |   1480 |   3 | 1267.0 |
        Depths |   5331 |   4255 |   1076 |    569 |   2537 |   4 | 1332.8 |
           Zot |   6831 |   5316 |   1515 |    464 |   2601 |   5 | 1366.2 |
         Abyss |    725 |    725 |      0 |      0 |      1 |   3 |  241.7 |
         Trove |     47 |     47 |      0 |      0 |      0 |   1 |   47.0 |
        Bailey |    331 |    331 |      0 |      0 |     98 |   1 |  331.0 |
      Ice Cave |    602 |    602 |      0 |      0 |    153 |   1 |  602.0 |
               +--------+--------+--------+--------+--------+-----+--------+

Top non-repeatable levels by time:
   Orc:1: 2639 daAuts
Vaults:1: 2487 daAuts
 Crypt:3: 2093 daAuts
Vaults:3: 1998 daAuts
   Elf:1: 1921 daAuts
Depths:1: 1883 daAuts
Spider:3: 1791 daAuts
  Lair:5: 1776 daAuts
  Lair:1: 1723 daAuts
  Lair:2: 1635 daAuts
     D:8: 1601 daAuts
    D:11: 1585 daAuts
   Elf:3: 1568 daAuts
Vaults:4: 1532 daAuts
   Zot:1: 1510 daAuts
